 Dungeon Crawl Stone Soup version 0.30.0-15-g856e2d3f33 (webtiles) character file.

Game seed: 5218241170907751497

5278 qw the Cleaver (level 10, -3/64 HPs)
             Began as a Gargoyle Fighter on May 20, 2023.
             Was an Initiate of Okawaru.
             Slain by a boulder beetle (10 damage)
             ... on level 7 of the Dungeon.
             The game lasted 00:03:40 (7491 turns).

qw the Cleaver (Gargoyle Fighter)                   Turns: 7491, Time: 00:03:41

Health: -3/64      AC: 25    Str: 23    XL:     10   Next: 63%
Magic:  10/10      EV:  8    Int: 12    God:    Okawaru [......]
Gold:   549        SH:  9    Dex:  9    Spells: 9/9 levels left

rFire   . . .        Y - +0 war axe
rCold   + . .        w - +0 kite shield
rNeg    + + .        j - +0 chain mail
rPois   inf          i - +2 helmet "Meseogif" {rN+ Int+2 Slay+2}
rElec   +            u - +0 cloak
rCorr   .            f - +0 pair of gloves
SInv    .            (no boots)
Will    .....        l - amulet of the acrobat Stlth
                     q - +4 ring of slaying {mikee}
HPRegen 0.30/turn    s - ring of protection from cold
MPRegen 0.12/turn

%: acrobat
@: about to teleport
A: sickness immunity, AC +7, negative energy resistance 1, electricity
resistance, torment resistance 1, petrification resistance, iridescent scales 1
a: Renounce Religion


You were on level 7 of the Dungeon.
You worshipped Okawaru.
Okawaru was noncommittal.
You visited 2 branches of the dungeon, and saw 8 of its levels.

You collected 549 gold pieces.


Innate Abilities, Weirdness & Mutations

You are immune to sickness and miasma.
Your stone body is resilient. (AC +7)
You are immune to poison.
You resist negative energy. (rN+)
You are resistant to electric shocks. (rElec)
You are resistant to unholy torment.
You are immune to petrification.
You are partially covered in iridescent scales. (AC +2)


   Skills:
 - Level 8.2 Fighting
 - Level 11.0 Axes
 - Level 1.0 Throwing
 - Level 6.2 Armour
 - Level 2.0 Dodging
 + Level 5.9 Shields


You had 9 spell levels left.
You didn't know any spells.
Your spell library was empty.

Inventory:

Hand Weapons
 x - a +2 heavy morningstar
 Y - a +0 war axe (weapon)
Missiles
 n - 4 boomerangs (quivered)
Armour
 f - a +0 pair of gloves (worn)
 i - the +2 helmet "Meseogif" (worn) {rN+ Int+2 Slay+2}
   (You found it on level 2 of the Dungeon)

   Int:       It affects your intelligence (+2).
   Slay:      It affects your accuracy & damage with ranged weapons and melee
   (+2).
   rN:        It protects you from negative energy.
 j - a +0 chain mail (worn)
 m - a +0 scale mail of cold resistance
 u - a +0 cloak (worn)
 w - a +0 kite shield (worn)
Jewellery
 b - a ring of resist corrosion
 l - an amulet of the acrobat (around neck)
 o - a ring of protection from fire
 q - a +4 ring of slaying (left hand) {mikee}
 s - a ring of protection from cold (right hand)
Scrolls
 a - a scroll of identify
 p - 2 scrolls of teleportation
Potions
 d - a potion of might
 e - 3 potions of curing
 g - 3 potions of cancellation
 h - a potion of attraction
 r - a potion of mutation
 t - a potion of haste

Dungeon Overview and Level Annotations

Branches:
Dungeon (7/15)             Temple (1/1) D:7

Altars:
Ashenzari
Cheibriados
Dithmenos
Fedhas
Gozag
Hepliaklqana
Makhleb
Nemelex Xobeh
Okawaru
Ru
Trog
Uskayaw
Vehumet
Xom
Yredelemnul
Zin
The Shining One

Shops:
D:6 *


Message History

You throw a boomerang.
The boomerang hits the boulder beetle but does no damage.
The boulder beetle is heavily wounded.
The boulder beetle curls into a ball and begins rolling!
You throw a boomerang. The boomerang hits the boulder beetle.
The boulder beetle is heavily wounded.
You slash the boulder beetle!
The boulder beetle is severely wounded.
The boulder beetle closely misses you.
The boulder beetle stops rolling and uncurls.
The boulder beetle bites you!!
You barely miss the boulder beetle.
The boulder beetle is severely wounded.
The boulder beetle bites you but does no damage.
You hit the boulder beetle but do no damage.
The boulder beetle is severely wounded.
The boulder beetle bites you but does no damage.
You hit the boulder beetle.
The boulder beetle is severely wounded.
The boulder beetle leaps!
You throw a boomerang.
The boomerang hits the boulder beetle but does no damage.
The boulder beetle is severely wounded.
You slash the boulder beetle!
The boulder beetle is almost dead.
You block the boulder beetle's attack.
You hit the boulder beetle but do no damage.
The boulder beetle is almost dead.
The boulder beetle bites you!
You hit the boulder beetle but do no damage.
The boulder beetle is almost dead.
The boulder beetle bites you.
7490 ||| READING 3 scrolls of teleportation.
As you read the scroll of teleportation, it crumbles to dust.
You feel strangely unstable. The boulder beetle bites you!
You hit the boulder beetle but do no damage.
The boulder beetle is severely wounded.
The boulder beetle bites you!
You die...

##########.................#.#
#....%.#.....########........#
#.####.#.#.#.# #........# .
#.##...#.#.#.# ###........#..
#.##.###.#.#.#####...###....<...
#........#.#.............#######
#####.#####....#....####### ###.
...........>#.#.B..# 7#...
#####.#####.#.#.@..# .....
#.#.......#....# ...
#.#.......#....# .
#.#.......#....#
#.#####'#.#.....####### 77
#...)...#.#.....#.7.7.# 7.
###########.#.#..|..#7.7(7# 7
..............#.###.#.7.7.#
###########.###.# #.#7.7.7#


You could see a boulder beetle.

Vanquished Creatures
  A deep elf pyromancer (D:7)
  A gargoyle (D:7)
  A hornet (D:7)
  Grinder (D:4)
  2 wyverns (D:7)
  A wraith (D:7)
  3 yaks (D:6)
  2 steam dragons (D:7)
  Edmund (D:3)
  A water moccasin (D:7)
  3 sky beasts (D:7)
  2 ice beasts
  A black bear (D:7)
  5 ogres
  3 centaurs (D:7)
  A gnoll sergeant (D:7)
  4 bullfrogs (D:7)
  2 scorpions
  6 wights
  A killer bee (D:7)
  3 orc priests
  3 hounds
  4 jellies
  2 sleepcaps
  3 iguanas
  6 orc wizards
  Robin (D:2)
  6 adders
  A gnoll (D:7)
  A shadow imp (D:6)
  4 white imps (D:7)
  An ufetubus (D:5)
  4 worms
  3 dart slugs
  21 orcs
  8 endoplasms
  6 giant cockroaches
  17 goblins
  6 hobgoblins
  12 jackals
  5 kobolds
  3 quokkas
  4 ball pythons
  5 bats
  7 frilled lizards
  5 rats
183 creatures vanquished.

Notes
Turn   | Place    | Note
-------+----------+-------------------------------------------
     0 | D:1      | qw the Gargoyle Fighter began the quest for the Orb.
     0 | D:1      | Reached XP level 1. HP: 14/14 MP: 1/1
     0 | D:1      | 0 ||| qw: Version: 0.2-a-97-g499787f
     0 | D:1      | 0 ||| qw: Game counter: 73
     0 | D:1      | 0 ||| qw: Always use a shield: true
     0 | D:1      | 0 ||| qw: God list: Okawaru
     0 | D:1      | 0 ||| qw: Allow faded altars: false
     0 | D:1      | 0 ||| qw: Do Orc after D:15 true
     0 | D:1      | 0 ||| qw: Do second Lair branch before Depths: true
     0 | D:1      | 0 ||| qw: Lair rune preference: random
     0 | D:1      | 0 ||| qw: Plans: Normal, Zot:1-4, God:TSO, Crypt, Tomb,
                  | Pan, Slime:5, Hells, Abyss, Win
     0 | D:1      | 0 ||| PLANNING D:1-11
    76 | D:1      | Reached skill level 2 in Axes
   147 | D:1      | Reached XP level 2. HP: 19/19 MP: 2/2
   290 | D:1      | 290 ||| Stepping ~*~*~tactically~*~*~ (stealth).
   303 | D:1      | HP: 3/19 [goblin/+0 dagger (3)]
   465 | D:1      | 465 ||| Stepping ~*~*~tactically~*~*~ (stealth).
   615 | D:1      | Reached skill level 3 in Axes
   622 | D:1      | Reached XP level 3. HP: 18/23 MP: 3/3
   875 | D:1      | 875 ||| DROPPING ring of flight.
   876 | D:1      | 876 ||| READING 7 scrolls labelled EXZITZ BINESCH.
   877 | D:1      | 877 ||| READING scroll labelled BIRHAMUKHI.
   895 | D:1      | 895 ||| READING 6 scrolls of identify.
   895 | D:1      | 895 ||| IDENTIFYING bubbling grey potion
   896 | D:1      | 896 ||| READING 5 scrolls of identify.
   896 | D:1      | 896 ||| IDENTIFYING viscous ruby potion
   897 | D:1      | 897 ||| READING 4 scrolls of identify.
   897 | D:1      | 897 ||| IDENTIFYING dark potion
   898 | D:1      | 898 ||| DROPPING potion of invisibility.
  1092 | D:2      | Identified the +2 helmet "Meseogif" {rN+ Int+2 Slay+2}
  1146 | D:2      | Noticed Robin
  1147 | D:2      | 1147 ||| Stepping ~*~*~tactically~*~*~ (hiding).
  1170 | D:2      | Killed Robin
  1181 | D:2      | HP: 5/23 [worm (8)]
  1184 | D:2      | Reached XP level 4. HP: 6/28 MP: 4/4
  1189 | D:2      | HP: 6/28 [hobgoblin[Robin] (2)]
  1196 | D:2      | 1196 ||| Stepping ~*~*~tactically~*~*~ (stealth).
  1286 | D:2      | Found a glowing golden altar of the Shining One.
  1572 | D:2      | Reached skill level 4 in Axes
  1697 | D:2      | 1697 ||| Stepping ~*~*~tactically~*~*~ (stealth).
  1797 | D:2      | Found a faded altar of an unknown god.
  1860 | D:2      | 1860 ||| UPGRADING to +0 pair of gloves.
  1865 | D:2      | 1865 ||| UPGRADING to +2 helmet "Meseogif" {rN+ Int+2
                  | Slay+2}.
  1870 | D:2      | 1870 ||| UPGRADING to amulet of the acrobat.
  1875 | D:2      | 1875 ||| READING scroll labelled SYNWEFASAUP.
  1978 | D:3      | 1978 ||| Stepping ~*~*~tactically~*~*~ (stealth).
  2009 | D:3      | 2009 ||| Stepping ~*~*~tactically~*~*~ (stealth).
  2067 | D:3      | 2067 ||| Stepping ~*~*~tactically~*~*~ (stealth).
  2068 | D:3      | 2068 ||| Stepping ~*~*~tactically~*~*~ (stealth).
  2153 | D:3      | Found a glowing golden altar of the Shining One.
  2232 | D:3      | HP: 2/28 [orc priest/divine providence (15)]
  2236 | D:3      | Reached XP level 5. HP: 3/32 MP: 5/5
  2303 | D:3      | 2303 ||| Stepping ~*~*~tactically~*~*~ (stealth).
  2306 | D:3      | 2306 ||| DRINKING potion of curing.
  2306 | D:3      | 2306 ||| (to cure confusion)
  2371 | D:3      | HP: 8/32 [orc priest/divine providence (9)]
  2375 | D:3      | Reached skill level 5 in Axes
  2525 | D:3      | 2525 ||| Stepping ~*~*~tactically~*~*~ (stealth).
  2627 | D:3      | Reached XP level 6. HP: 34/38 MP: 6/6
  2830 | D:3      | 2830 ||| UPGRADING to +0 chain mail.
  2840 | D:3      | 2840 ||| DROPPING +0 scale mail.
  2841 | D:3      | 2841 ||| READING scroll labelled FEOS ANAHULESI.
  2842 | D:3      | 2842 ||| READING scroll labelled ERAMATS TOASU.
  2843 | D:3      | 2843 ||| READING 4 scrolls of identify.
  2843 | D:3      | 2843 ||| IDENTIFYING white potion
  2844 | D:3      | 2844 ||| DROPPING potion of brilliance.
  2869 | D:4      | Noticed Edmund
  2875 | D:4      | 2875 ||| STAIRDANCE
  2882 | D:3      | HP: 8/38 [Edmund/+2 flail of protection (8)]
  2882 | D:3      | HP: 1/38 [Edmund/+2 flail of protection (7)]
  2886 | D:3      | Killed Edmund
  2887 | D:3      | Reached skill level 6 in Axes
  3023 | D:3      | 3023 ||| DROPPING +0 club.
  3031 | D:4      | 3031 ||| STAIRDANCE
  3037 | D:3      | Reached skill level 1 in Dodging
  3037 | D:3      | Reached XP level 7. HP: 38/43 MP: 7/7
  3058 | D:4      | 3058 ||| STAIRDANCE
  3455 | D:4      | 3455 ||| Stepping ~*~*~tactically~*~*~ (stealth).
  3481 | D:4      | 3481 ||| Stepping ~*~*~tactically~*~*~ (hiding).
  3503 | D:4      | 3503 ||| Stepping ~*~*~tactically~*~*~ (stealth).
  3714 | D:4      | Noticed Grinder
  3722 | D:4      | Killed Grinder
  3723 | D:4      | Reached skill level 7 in Axes
  3870 | D:4      | Found a blossoming altar of Fedhas.
  3894 | D:4      | 3894 ||| READING scroll labelled GIGRUQ JYTWI.
  3895 | D:4      | 3895 ||| READING 3 scrolls of identify.
  3895 | D:4      | 3895 ||| IDENTIFYING bubbling blue potion
  3896 | D:4      | 3896 ||| DROPPING potion of berserk rage.
  3906 | D:5      | Entered Level 5 of the Dungeon
  4012 | D:5      | 4012 ||| Stepping ~*~*~tactically~*~*~ (stealth).
  4014 | D:5      | 4014 ||| Stepping ~*~*~tactically~*~*~ (stealth).
  4017 | D:5      | 4017 ||| Stepping ~*~*~tactically~*~*~ (stealth).
  4057 | D:5      | Reached XP level 8. HP: 42/49 MP: 8/8
  4128 | D:5      | 4128 ||| Stepping ~*~*~tactically~*~*~ (stealth).
  4129 | D:5      | 4129 ||| Stepping ~*~*~tactically~*~*~ (stealth).
  4134 | D:5      | Identified the +0 short sword of the Onslaught {flame, rC+
                  | rCorr}
  4168 | D:5      | Reached skill level 8 in Axes
  4452 | D:5      | Reached skill level 1 in Throwing
  4677 | D:5      | 4677 ||| UPGRADING to ring of protection from fire.
  4678 | D:5      | 4678 ||| READING scroll labelled NOREUMOITA.
  4779 | D:5      | 4779 ||| READING 3 scrolls of identify.
  4779 | D:5      | 4779 ||| IDENTIFYING yellow potion
  4780 | D:5      | 4780 ||| READING 2 scrolls of identify.
  4780 | D:5      | 4780 ||| IDENTIFYING ruby potion
  4781 | D:5      | 4781 ||| DROPPING potion of magic.
  4795 | D:6      | 4795 ||| Stepping ~*~*~tactically~*~*~ (hiding).
  4796 | D:6      | 4796 ||| Stepping ~*~*~tactically~*~*~ (hiding).
  4796 | D:6      | Noticed a yak
  4796 | D:6      | Noticed a yak
  4797 | D:6      | 4797 ||| Stepping ~*~*~tactically~*~*~ (hiding).
  4797 | D:6      | Noticed a yak
  4798 | D:6      | 4798 ||| Stepping ~*~*~tactically~*~*~ (hiding).
  4810 | D:6      | Killed a yak
  4811 | D:6      | Reached skill level 6 in Fighting
  4814 | D:6      | Killed a yak
  4814 | D:6      | Killed a yak
  4815 | D:6      | Reached XP level 9. HP: 16/55 MP: 9/9
  4974 | D:6      | Reached skill level 9 in Axes
  4978 | D:6      | Found Lisucup's Lightly-Used Armoury.
  5048 | D:6      | 5048 ||| Stepping ~*~*~tactically~*~*~ (stealth).
  5050 | D:6      | 5050 ||| Stepping ~*~*~tactically~*~*~ (hiding).
  5052 | D:6      | 5052 ||| Stepping ~*~*~tactically~*~*~ (hiding).
  5252 | D:6      | 5252 ||| SHOPLISTING -2 gold dragon scales (980 gold, have
                  | 346).
  5362 | D:6      | Found a bloodstained altar of Trog.
  5389 | D:6      | Found a burning altar of Makhleb.
  5389 | D:6      | Noticed a green death
  5392 | D:6      | Noticed a smoke demon
  5392 | D:6      | Noticed an orange demon
  5536 | D:6      | Found a glowing silver altar of Zin.
  5537 | D:6      | Found a snail-covered altar of Cheibriados.
  5590 | D:6      | 5590 ||| UPGRADING to ring of resist corrosion.
  5591 | D:6      | 5591 ||| UPGRADING to +4 ring of slaying {mikee}.
  5593 | D:6      | 5593 ||| UPGRADING to ring of protection from cold.
  5595 | D:6      | 5595 ||| DRINKING 2 emerald potions.
  5595 | D:6      | Gained mutation: You are partially covered in iridescent
                  | scales. (AC +2) [potion of mutation]
  5596 | D:6      | 5596 ||| READING 2 scrolls of identify.
  5596 | D:6      | 5596 ||| IDENTIFYING murky yellow potion
  5597 | D:6      | 5597 ||| DROPPING potion of flight.
  6047 | D:7      | Noticed a hornet
  6058 | D:7      | Killed a hornet
  6162 | D:7      | HP: 14/57 [wight/+4 morningstar (7)]
  6163 | D:7      | 6163 ||| READING 2 scrolls of teleportation.
  6357 | D:7      | 6357 ||| DROPPING +2 flail of protection.
  6373 | D:7      | Reached skill level 10 in Axes
  6382 | D:7      | 6382 ||| Stepping ~*~*~tactically~*~*~ (stealth).
  6386 | D:7      | 6386 ||| Stepping ~*~*~tactically~*~*~ (stealth).
  6387 | D:7      | 6387 ||| Stepping ~*~*~tactically~*~*~ (stealth).
  6388 | D:7      | 6388 ||| Stepping ~*~*~tactically~*~*~ (stealth).
  6390 | D:7      | 6390 ||| Stepping ~*~*~tactically~*~*~ (stealth).
  6391 | D:7      | 6391 ||| Stepping ~*~*~tactically~*~*~ (hiding).
  6400 | D:7      | Reached XP level 10. HP: 41/64 MP: 10/10
  6465 | D:7      | 6465 ||| Stepping ~*~*~tactically~*~*~ (stealth).
  6469 | D:7      | 6469 ||| Stepping ~*~*~tactically~*~*~ (cloud).
  6469 | D:7      | Noticed a deep elf pyromancer
  6470 | D:7      | 6470 ||| Stepping ~*~*~tactically~*~*~ (hiding).
  6472 | D:7      | 6472 ||| Stepping ~*~*~tactically~*~*~ (hiding).
  6489 | D:7      | Killed a deep elf pyromancer
  6498 | D:7      | Reached skill level 11 in Axes
  6557 | D:7      | 6557 ||| Stepping ~*~*~tactically~*~*~ (stealth).
  6652 | D:7      | 6652 ||| DROPPING +4 morningstar.
  6655 | D:7      | 6655 ||| Stepping randomly (disturbance).
  6738 | D:7      | Reached skill level 6 in Armour
  6738 | D:7      | 6738 ||| Stepping ~*~*~tactically~*~*~ (stealth).
  6739 | D:7      | 6739 ||| Stepping ~*~*~tactically~*~*~ (stealth).
  6779 | D:7      | Found a staircase to the Ecumenical Temple.
  6780 | D:7      | 6780 ||| PLANNING TEMPLE
  6780 | D:7      | 6780 ||| UPGRADING to +0 cloak.
  6785 | D:7      | 6785 ||| UPGRADING to +0 kite shield.
  6795 | D:7      | 6795 ||| DROPPING +0 buckler.
  6796 | D:7      | 6796 ||| READING scroll labelled VOZATO FISHA.
  6797 | D:7      | 6797 ||| READING 2 scrolls of identify.
  6797 | D:7      | 6797 ||| IDENTIFYING bubbling black potion
  6806 | Temple   | Entered the Ecumenical Temple
  6819 | Temple   | 6819 ||| PLANNING OKAWARU WORSHIP
  6972 | Temple   | Became a worshipper of Warmaster Okawaru
  6972 | Temple   | 6972 ||| PLANNING D:1-11
  7157 | D:7      | Noticed a gargoyle
  7166 | D:7      | Killed a gargoyle
  7196 | D:7      | 7196 ||| Stepping ~*~*~tactically~*~*~ (stealth).
  7197 | D:7      | 7197 ||| Stepping ~*~*~tactically~*~*~ (stealth).
  7203 | D:7      | 7203 ||| Stepping ~*~*~tactically~*~*~ (stealth).
  7239 | D:7      | Noticed a boulder beetle
  7287 | D:7      | HP: 16/64 [boulder beetle (12)]
  7288 | D:7      | 7288 ||| READING 4 scrolls of teleportation.
  7489 | D:7      | HP: 16/64 [boulder beetle (6)]
  7490 | D:7      | 7490 ||| READING 3 scrolls of teleportation.
  7490 | D:7      | HP: 6/64 [boulder beetle (10)]
  7491 | D:7      | Slain by a boulder beetle

Levels and vault maps discovered:
D:1:      dpeg_arrival_prison, layout_loops_ring,
          nicolae_concentric_dashed_squares_mild, minmay_close_crescents
D:2:      layout_basic, hellmonk_ecumenical_altar_leap_of_faith, basic_altar,
          kennysheep_generic_room_15, uniq_robin
D:3:      layout_loops_ring, mainiacjoe_overflow_alcove_2
D:4:      layout_basic, kennysheep_mini_moat, nicolae_figureground_pulse,
          uniq_edmund, uniq_grinder
D:5:      layout_loops_ring, minivault_25, mrwooster_statue_mirror
D:6:      layout_cave_pools, lemuel_doored_altar, nicolae_overflow_squiral,
          makhleb_altar_promises_db, minmay_shop_damaged,
          minmay_misc_feat_secret_circle
D:7:      nzn_winding_woodlands_stair_cross [nzn_winding_woodlands_5x15_eye,
          nzn_winding_woodlands_center_pierced_h,
          nzn_winding_woodlands_5x15_twine, nzn_winding_woodlands_5x5_default,
          nzn_winding_woodlands_5x5_three, nzn_winding_woodlands_5x15_crooked,
          nzn_winding_woodlands_center_garden,
          nzn_winding_woodlands_5x15_split_checker], layout_basic,
          kennysheep_orc_sif_temple, reono_crystal_passage
Temple:   chequers_temple_sunken

Skill      XL: |  1  2  3  4  5  6  7  8  9 10 |
---------------+-------------------------------+-----
Axes           | 2 3 4 5 6 7 8 10 11 | 11.0
Fighting       | 4 5 6 8 |  8.2
Dodging        | 1 2 |  2.0
Throwing       | 1 |  1.0
Armour         | 4 5 6 |  6.2
Shields        | 4 5 |  5.9

Action                     |  1- 3 |  4- 6 |  7- 9 | 10-12 || total
---------------------------+-------+-------+-------+-------++-------
  Melee: War axe           |   100 |   135 |   229 |   134 ||   598
  Throw: Boomerang         |    24 |    35 |    24 |    21 ||   104
    Use: Scroll            |     5 |     4 |     7 |     4 ||    20
         Potion            |       |     1 |     1 |       ||     2
   Stab: Distracted        |       |       |       |     1 ||     1
 Armour: Scale mail        |    61 |    64 |       |       ||   125
         Chain mail        |       |    26 |   145 |    54 ||   225
  Dodge: Dodged            |    46 |    60 |    81 |    27 ||   214
  Block: Buckler           |    20 |    25 |    33 |    14 ||    92
         Kite shield       |       |       |       |    10 ||    10

Table legend:
 A = Non-vault XP
 B = Vault XP
 C = Vault XP percentage of total XP
 D = Non-vault monster count
 E = Vault monster count
 F = Vault count percentage of total count
                 A         B        C        D         E       F
            +---------+---------+-------+---------+---------+-------
      Total |    2886 |    4654 |  61.7 |     129 |      54 |  29.5
            +---------+---------+-------+---------+---------+-------
        D:1 |      30 |       6 |  16.7 |      18 |       3 |  14.3
        D:2 |      35 |      37 |  51.4 |      17 |      13 |  43.3
        D:3 |     414 |     162 |  28.1 |      33 |       1 |   2.9
        D:4 |     128 |     281 |  68.7 |      19 |       1 |   5.0
        D:5 |     591 |       0 |   0.0 |      22 |       0 |   0.0
        D:6 |    1097 |       0 |   0.0 |      13 |       0 |   0.0
        D:7 |     591 |    4168 |  87.6 |       7 |      36 |  83.7
            +---------+---------+-------+---------+---------+-------
